 Dungeon Crawl Stone Soup version 0.18.1-6-gd335043 (webtiles) character file.

6990 Jerry the Protected (level 10, 0/73 HPs)
             Began as a Demigod Gladiator on May 16, 2016.
             Killed by divine providence
             ... invoked by an orc priest
              (12 damage)
             ... on level 10 of the Dungeon on May 17, 2016.
             The game lasted 00:51:01 (10743 turns).

Jerry the Protected (Demigod Gladiator)            Turns: 10743, Time: 00:51:01

Health: 0/73       AC: 20    Str: 24    XL:     10   Next: 52%
Magic:  13/13      EV:  9    Int: 12    God:
Gold:   633        SH:  6    Dex: 23    Spells: 0 memorised, 9 levels left

rFire  + . .     SeeInvis +     F - +8 spear of Dominance {pierce, Dex+3 SInv}
rCold  + . .     Gourm    .     k - +0 plate armour
rNeg   . . .     Faith    .     E - +0 buckler
rPois  .         Spirit   .     (helmet restricted)
rElec  .         Dismiss  .     (no cloak)
rCorr  .         Reflect  .     O - +0 pair of gloves (curse)
SustAt +         Harm     .     (no boots)
MR     +....                    (no amulet)
Stlth  ..........               c - ring of protection from fire
                                w - ring of protection from cold

@: very slightly contaminated, hasted, very quick, somewhat resistant to hostile
enchantments, extremely unstealthy
A: beak, talons 1, thin metallic scales 1, thin skeletal structure 1, agile 1,
high mp 1, shaggy fur 1, sustain attributes
a: no special abilities


You were on level 10 of the Dungeon.
You were near starving.

You visited 2 branches of the dungeon, and saw 11 of its levels.
You also visited: Sewer and Ossuary.

You collected 633 gold pieces.

Inventory:

Hand Weapons
 F - the +8 spear of Dominance (weapon) {pierce, Dex+3 SInv}
   (You found it on level 5 of the Dungeon)

   It inflicts extra damage upon your enemies.
   It affects your dexterity (+3).
   It lets you see invisible.
Missiles
 H - a throwing net (quivered)
Armour
 k - a +0 plate armour (worn)
 E - a +0 buckler (worn)
 O - a cursed +0 pair of gloves (worn)
Magical Staves
 t - an uncursed staff of wizardry
 K - an uncursed staff of energy {unknown}
 S - an uncursed staff of conjuration {unknown}
Jewellery
 c - a ring of protection from fire (right hand)
 w - a ring of protection from cold (left hand)
Wands
 b - a wand of flame (6/48)
 n - a wand of enslavement (11/24)
 r - a wand of paralysis (22/24)
 M - a wand of lightning (4/15)
Scrolls
 o - 6 scrolls of noise
 x - 5 scrolls of remove curse
 y - 4 scrolls of immolation
 D - 5 scrolls of fog
 I - 2 scrolls of recharging
 U - a scroll of teleportation
Potions
 e - a potion of magic
 g - 4 potions of brilliance {unknown}
 m - 9 potions of degeneration {unknown}
 q - 2 potions of might {unknown}
 s - 5 potions of curing {unknown}
 A - 2 potions of agility {unknown}
 B - 2 potions of ambrosia {unknown}
 G - a potion of lignification {unknown}
 J - a potion of heal wounds {unknown}
 N - a potion of cure mutation {unknown}
Books
 C - an Akashic Record

   Spells                             Type                      Level
   a - Dispersal                      Translocation                6
   b - Malign Gateway                 Summoning/Translocation      7
   c - Disjunction                    Translocation                8
   d - Controlled Blink               Translocation                8
Comestibles
 f - 9 bread rations
 h - 6 fruits
 l - 9 slices of pizza
 p - 6 beef jerkies
 v - 2 meat rations
 V - 9 royal jellies


   Skills:
 + Level 2.0 Fighting
 + Level 5.1(5.9) Polearms
 - Level 4.2(5.4) Staves
 - Level 1.7 Throwing
 + Level 12.3 Armour
 - Level 2.6 Dodging
 - Level 5.5 Shields


You had 9 spell levels left.
You didn't know any spells.

Dungeon Overview and Level Annotations

Branches:
Dungeon (10/15)            Temple (1/1) D:5             Orc (0/2) D:9
   Lair: D:8-11

Annotations:
D:10 exclusion: oklob plant


Innate Abilities, Weirdness & Mutations

You have an increased reservoir of magic (+10% MP).
Your attributes are resistant to harm.
You have a beak for a mouth.
You have sharp toenails.
You are partially covered in thin metallic scales (AC +2).
You have a somewhat thin skeletal structure (Dex +2, Stealth).
You are agile. (Dex +2)
You are covered in fur (AC +1).


Message History

You hit the orc priest but do no damage.
You claw the orc priest, but do no damage.
You peck the orc priest.
The orc priest is almost dead.
The orc priest mumbles some strange prayers to Beogh against you.
Beogh smites you!
* * * LOW HITPOINT WARNING * * *
The orc hits you but does no damage.
You hit the orc priest.
You kill the orc priest!
The orc barely misses you.
Drink which item? (? for menu, Esc to quit)
You feel yourself speed up. The orc barely misses you. The orc misses you.
You block the orc's attack.
You are very lightly contaminated with residual magic.
A yak comes into view.
The yak bellows!
The orc priest calls down the wrath of Beogh upon you.
Beogh smites you!
You die...

...(⌠..>..).....#################
##.......)...##.............†....
.##..#####..##................[..
..##.#...#.##....................
...#'#...#'#.....................
$................................
.................................
............o..........Y.........
?...?./.[.o..o..@........(.....(.
............o.............<......
.................................
.>...............................
##########...#.##################
#...#..### #..###...##
#..##..)..## #..#.8...8.##


You could see a yak, an orc priest and 3 orcs.

Vanquished Creatures
  The ghost of quinotauri the Blocker, a novice FoFi of Ashenzari (D:7)
  A gargoyle (D:9)
  A troll (D:9)
  A two-headed ogre (D:8)
  Sigmund (D:4)
  3 wyverns
  2 hippogriffs
  A warg (D:9)
  Menkaure (D:4)
  Edmund (D:5)
  Duvessa (D:4)
  Purgy (Sewer)
  An orc warrior (D:10)
  A sky beast (D:6)
  3 ice beasts
  3 phantoms
  A black bear (D:10)
  2 wasps (D:9)
  A necrophage (D:8)
  3 ogres
  3 centaurs
  A big kobold (D:6)
  6 giant frogs
  A wyvern zombie (D:7)
  Dowan (D:4)
  3 scorpions
  8 killer bees (D:9)
  A crimson imp (D:6)
  A giant frog zombie (D:6)
  2 centaur zombies
  2 wasp zombies
  5 hounds
  2 quasits (D:8)
  2 jellies
  A giant frog skeleton (D:5)
  2 human zombies (Ossuary)
  6 orc priests
  A centaur skeleton (D:9)
  A gnoll shaman (D:8)
  5 iguanas
  5 orc wizards
  Terence (D:2)
  5 worker ants
  2 killer bee zombies
  A hound skeleton (D:10)
  4 mummies (Ossuary)
  A worker ant zombie (D:9)
  3 gnolls (D:8)
  A howler monkey skeleton (D:7)
  8 adders
  A shadow imp (D:10)
  An adder skeleton (D:5)
  5 worms
  3 dart slugs
  9 giant geckos
  33 orcs
  6 giant cockroaches
  3 gnoll zombies (Ossuary)
  11 goblins
  15 hobgoblins
  10 jackals
  3 quokkas
  3 ball pythons
  12 bats
  5 giant newts
  2 goblin zombies (D:4)
  A hobgoblin zombie (Ossuary)
  3 jackal skeletons
  A jackal zombie (D:7)
  9 kobolds
  2 kobold zombies (Ossuary)
  2 quokka skeletons
  3 rats
258 creatures vanquished.

Notes
Turn   | Place    | Note
--------------------------------------------------------------
     0 | D:1      | Jerry the Demigod Gladiator began the quest for the Orb.
     0 | D:1      | Reached XP level 1. HP: 17/17 MP: 3/3
    29 | D:1      | Reached skill level 1 in Armour
   189 | D:1      | Reached XP level 2. HP: 20/24 MP: 4/4
   389 | D:1      | Reached skill level 2 in Armour
   389 | D:1      | Reached XP level 3. HP: 29/29 MP: 5/5
   891 | D:2      | Noticed Terence
   902 | D:2      | Killed Terence
   920 | D:2      | Found a faded altar to an unknown god.
  1192 | D:2      | Reached XP level 4. HP: 34/36 MP: 6/6
  1235 | D:2      | Reached skill level 3 in Armour
  1939 | D:3      | Reached skill level 4 in Armour
  1939 | D:3      | Reached XP level 5. HP: 36/41 MP: 7/7
  2283 | D:3      | Found a stormy altar of Qazlal.
  2422 | D:3      | Noticed an air elemental
  2432 | D:3      | Noticed a fire elemental
  2432 | D:3      | Noticed a water elemental
  2578 | D:4      | Gained mutation: You have a somewhat thin skeletal structure (Dex +2, Stealth). [potion of mutation]
  2578 | D:4      | Gained mutation: You are covered in fur (AC +1). [potion of mutation]
  2578 | D:4      | Gained mutation: You have sharp toenails. [potion of mutation]
  2627 | D:4      | Reached skill level 5 in Armour
  2629 | D:4      | Found a glowing drain.
  2642 | Sewer    | Entered a sewer
  2711 | Sewer    | Noticed Purgy
  2725 | Sewer    | Killed Purgy
  2725 | Sewer    | Reached XP level 6. HP: 42/48 MP: 8/8
  2933 | D:4      | Found a sand-covered staircase.
  2944 | Ossuary  | Entered an ossuary
  3158 | Ossuary  | Reached skill level 6 in Armour
  3344 | Ossuary  | Gained mutation: Scrolls take you a little longer to read. [potion of mutation]
  3344 | Ossuary  | Gained mutation: You are clumsy. (Dex -2) [potion of mutation]
  3507 | D:4      | Noticed Dowan
  3508 | D:4      | Noticed Duvessa
  3531 | D:4      | Killed Dowan
  3531 | D:4      | Reached XP level 7. HP: 52/53 MP: 9/9
  3608 | D:4      | Noticed Menkaure
  3613 | D:4      | Killed Menkaure
  3613 | D:4      | Reached skill level 7 in Armour
  3711 | D:4      | Killed Duvessa
  4030 | D:4      | Noticed Sigmund
  4046 | D:4      | Killed Sigmund
  4056 | D:5      | Entered Level 5 of the Dungeon
  4061 | D:5      | Reached skill level 8 in Armour
  4162 | D:5      | Found a radiant altar of Vehumet.
  4166 | D:5      | Found an iron altar of Okawaru.
  4230 | D:5      | Found a deep blue altar of Sif Muna.
  4407 | D:5      | Reached XP level 8. HP: 43/60 MP: 10/10
  4516 | D:5      | Found a radiant altar of Vehumet.
  4659 | D:5      | Found an opulent altar of Gozag.
  4662 | D:5      | Got a transparent spear
  4677 | D:5      | Identified the +8 spear of Dominance {pierce, Dex+3 SInv} (You found it on level 5 of the Dungeon)
  4925 | D:5      | Noticed Edmund
  4935 | D:5      | Killed Edmund
  4935 | D:5      | Reached skill level 1 in Shields
  4954 | D:5      | Found a staircase to the Ecumenical Temple.
  4960 | Temple   | Entered the Ecumenical Temple
  5466 | D:6      | Reached skill level 9 in Armour
  5470 | D:6      | Gained mutation: You have a beak for a mouth. [mutagenic meat]
  5472 | D:6      | Lost mutation: Scrolls take you a little longer to read. [mutagenic meat]
  5473 | D:6      | Lost mutation: You are clumsy. (Dex -2) [mutagenic meat]
  5474 | D:6      | Gained mutation: You are agile. (Dex +2) [mutagenic meat]
  5954 | D:7      | Noticed quinotauri's ghost (novice FoFi)
  6504 | D:7      | Reached XP level 9. HP: 67/67 MP: 11/11
  6602 | D:7      | Killed quinotauri's ghost
  6602 | D:7      | Reached skill level 10 in Armour
  6602 | D:7      | Reached skill level 5 in Shields
  7354 | D:8      | Reached skill level 1 in Polearms
  7905 | D:8      | Found an opulent altar of Gozag.
  8486 | D:9      | Found Qiptalipn's Gadget Boutique.
  8518 | D:9      | Reached skill level 11 in Armour
  8543 | D:9      | Found a staircase to the Orcish Mines.
  8768 | D:9      | Found a glowing golden altar of the Shining One.
  8771 | D:9      | Found a basalt altar of Yredelemnul.
  8771 | D:9      | Found an oddly glowing altar of Pakellas.
  8776 | D:9      | Found an opulent altar of Gozag.
  8805 | D:9      | Reached XP level 10. HP: 48/73 MP: 13/13
  9664 | D:9      | Gained mutation: You are partially covered in thin metallic scales (AC +2). [potion of beneficial mutation]
  9679 | D:10     | Entered Level 10 of the Dungeon
  9682 | D:10     | Reached skill level 12 in Armour
  9936 | D:10     | Found an iron altar of Okawaru.
  9936 | D:10     | Noticed an oklob plant
  9963 | D:10     | Reached skill level 5 in Polearms
 10743 | D:10     | Killed from afar by an orc priest

Skill      XL: |  1  2  3  4  5  6  7  8  9 10 |
---------------+-------------------------------+-----
Armour         | 1 2 4 5 6 8 9 11 12 | 12.3
Staves         | 3 4 |  4.2
Shields        | 4 5 |  5.5
Polearms       | 3 5 |  5.1
Fighting       | 2 |  2.0
Throwing       | |  1.7
Dodging        | |  2.6

Action                   |  1- 3 |  4- 6 |  7- 9 | 10-12 || total
-------------------------+-------+-------+-------+-------++-------
Melee: Quarterstaff      |   114 |   295 |   124 |       ||   533
       Kick              |       |    76 |   181 |   115 ||   372
       Spear             |       |       |   328 |   220 ||   548
       Peck              |       |       |    60 |    77 ||   137
Throw: Throwing net      |       |     3 |     2 |       ||     5
Evoke: Wand              |       |       |       |    10 ||    10
  Use: Scroll            |       |     7 |     1 |    11 ||    19
       Potion            |       |     2 |       |     4 ||     6
 Stab: Sleeping          |     1 |       |       |       ||     1
       Distracted        |     1 |       |     1 |       ||     2
       Held in net/web   |       |     1 |       |       ||     1
       Paralysed         |       |       |       |    13 ||    13
       Invisible         |       |       |       |     3 ||     3
  Eat: Chunk             |     1 |     7 |    21 |     5 ||    34
       Fruit             |       |     1 |     3 |       ||     4
Armor: Leather armour    |    12 |       |       |       ||    12
       Plate armour      |    25 |   196 |   196 |    77 ||   494
Dodge: Dodged            |    61 |   135 |   148 |    56 ||   400
Block: Buckler           |       |       |    65 |    31 ||    96
